 Dungeon Crawl Stone Soup version 0.23-a0-650-ga4d50d4d25 (webtiles) character file.

190057 RKaid the Unseen (level 17, -7/93 HPs)
             Began as a Spriggan Enchanter on Jan 1, 2019.
             Was the Champion of Dithmenos.
             Mangled by Asterion
             ... wielding a +4 demon trident of freezing
              (32 damage)
             ... on level 3 of the Spider Nest on Jan 5, 2019.
             The game lasted 02:34:06 (40814 turns).

RKaid the Unseen (Spriggan Enchanter)              Turns: 40814, Time: 02:34:06

Health: -7/93      AC: 11    Str:  6    XL:     17   Next: 96%
Magic:  20/31      EV: 25    Int: 20    God:    Dithmenos [******]
Gold:   1809       SH: 15    Dex: 18    Spells: 12/35 levels left

rFire    . . .     SeeInvis +   a - +2 short sword (elec)
rCold    . . .     Gourm    .   H - +2 buckler {AC+3}
rNeg     . . .     Faith    .   O - +0 swamp dragon scales {rPois}
rPois    +         Spirit   .   (helmet restricted)
rElec    .         Reflect  +   w - +0 cloak
rCorr    +         Harm     .   (gloves unavailable)
MR       ++...                  (boots unavailable)
Stlth    ++++++++++             T - +5 amulet of reflection
HPRegen  0.25/turn              k - ring of resist corrosion
MPRegen  0.22/turn              G - +5 ring of evasion

@: very slightly contaminated, wreathed by umbra, very quick
A: very small, unfitting armour, see invisible, herbivore, speed 3, slow
metabolism 2
a: Shadow Step, Shadow Form, Renounce Religion


You were on level 3 of the Spider Nest.
You worshipped Dithmenos.
Dithmenos was exalted by your worship.
You were very hungry.

You visited 5 branches of the dungeon, and saw 27 of its levels.
You also visited: Volcano.

You collected 3162 gold pieces.
You spent 1353 gold pieces at shops.

Inventory:

Hand Weapons
 a - a +2 short sword of electrocution (weapon)
   (You took it off an orc warrior on level 1 of the Orcish Mines)
 b - a +0 blowgun
   (You took it off a kobold on level 3 of the Dungeon)
 s - a +7 quick blade
   (You acquired it on level 8 of the Dungeon)
 E - a +4 antimagic demon trident
   (You took it off Louise on level 2 of the Spider Nest)
Missiles
 e - 169 poisoned needles
 q - 33 tomahawks (quivered)
 z - 3 throwing nets {=f}
 J - 3 curare-tipped needles
Armour
 u - a +1 robe of fire resistance
   (You took it off Blork the orc on level 4 of the Dungeon)
 w - a +0 cloak (worn)
   (You took it off Crazy Yiuf on level 7 of the Dungeon)
 H - a +2 buckler of protection (worn)
   (You found it on level 9 of the Dungeon)
 O - +0 swamp dragon scales (worn) {rPois}
   (You found it on level 3 of the Spider Nest)
 Z - +0 acid dragon scales {rCorr}
   (You found it on level 13 of the Dungeon)
Jewellery
 j - an uncursed ring of protection from cold {rC+}
   (You found it on level 5 of the Dungeon)
 k - a ring of resist corrosion (left hand)
   (You found it on level 5 of the Dungeon)
 x - an uncursed amulet of the acrobat
   (You found it on level 5 of the Dungeon)
 G - a +5 ring of evasion (right hand)
   (You bought it in a shop on level 5 of the Dungeon)
 L - an uncursed amulet of guardian spirit {Spirit}
   (You found it on level 1 of the Lair of Beasts)
 T - a +5 amulet of reflection (around neck)
   (You found it on level 6 of the Lair of Beasts)
 U - the amulet "Duogupte" {Faith +Fly rC+}
   (You found it on level 6 of the Lair of Beasts)

   [amulet of faith]

   It allows you to gain divine favour quickly.
   It protects you from cold.
   It lets you fly.
Wands
 m - a wand of polymorph (52)
   (You took it off Blork the orc on level 4 of the Dungeon)
 C - a wand of clouds (8)
   (You took it off a centaur on level 10 of the Dungeon)
 D - a wand of digging (9)
   (You took it off Crazy Yiuf on level 7 of the Dungeon)
 F - a wand of disintegration (21)
   (You found it on level 9 of the Dungeon)
 M - a wand of enslavement (7)
   (You found it on level 1 of the Spider Nest)
 Q - a wand of paralysis (9)
   (You found it on level 3 of the Lair of Beasts)
 V - a wand of iceblast (4)
   (You found it on level 11 of the Dungeon)
Scrolls
 d - 4 scrolls of enchant armour
 i - 2 scrolls of identify
 o - 19 scrolls of remove curse
 t - 7 scrolls of teleportation
 y - a scroll of fear
 K - 2 scrolls of magic mapping {!r}
 R - a scroll of holy word {!r}
Potions
 c - 5 potions of curing
 h - 2 potions of heal wounds
 l - a potion of ambrosia
 n - 5 potions of flight
 p - 3 potions of brilliance
 r - 5 potions of agility
 v - 2 potions of mutation {!q!q}
 A - a potion of haste
 B - 2 potions of might
 I - 2 potions of lignification {!q}
 P - 4 potions of berserk rage {!q}
 S - a potion of invisibility
 X - a potion of resistance
Miscellaneous
 g - a fan of gales
   (You found it on level 9 of the Dungeon)
 N - a phial of floods
   (You found it on level 1 of the Lair of Beasts)
 Y - a sack of spiders
Comestibles
 f - 25 rations


   Skills:
 + Level 11.6 Fighting
 - Level 8.0 Short Blades
 - Level 2.0 Throwing
 - Level 10.0 Dodging
 + Level 19.9 Stealth
 - Level 7.2 Shields
 + Level 9.8 Spellcasting
 - Level 10.0 Hexes
 - Level 4.0 Charms
 - Level 4.0 Necromancy
 - Level 5.0 Ice Magic
 - Level 7.0 Poison Magic
 + Level 11.7 Invocations
 - Level 7.0 Evocations


You had 12 spell levels left.
You knew the following spells:

 Your Spells              Type           Power        Failure   Level  Hunger
a - Ensorcelled Hibernat  Hex/Ice        #####.       1%          2    None
b - Confusing Touch       Hex            #####.       1%          1    None
c - Confuse               Hex            #####...     1%          3    None
d - Olgreb's Toxic Radia  Pois           #####...     16%         4    ##.....
e - Dazzling Spray        Conj/Hex       ####..       11%         3    None
f - Cause Fear            Hex            #####.....   4%          4    ##.....
g - Tukima's Dance        Hex            #####...     1%          3    None
C - Regeneration          Chrm/Necr      ####......   16%         3    None

Your spell library contained the following spells:

 Spells                   Type           Power        Failure   Level  Hunger
 Corona                   Hex            #####..      1%          1    None
 Slow                     Hex            #####...     1%          2    None
 Animate Skeleton         Necr           N/A          5%          1    None
 Pain                     Necr           ####         5%          1    None
 Sting                    Conj/Pois      ###.         7%          1    None
 Poisonous Vapours        Pois/Air       ###...       11%         2    None
 Inner Flame              Hex/Fire       ####....     11%         3    None
 Portal Projectile        Hex/Tloc       ####..       11%         3    None
 Vampiric Draining        Necr           ####......   17%         3    None
 Spider Form              Tmut/Pois      ###.......   21%         3    None
 Beastly Appendage        Tmut           #.....       28%         1    None
 Mephitic Cloud           Conj/Pois/Air  ###.....     32%         3    None
 Leda's Liquefaction      Hex/Erth       ####......   36%         4    ##.....
 Metabolic Englaciation   Hex/Ice        #####.....   36%         5    #####..
 Sticks to Snakes         Tmut           #.......     41%         2    None
 Animate Dead             Necr           N/A          50%         4    ##.....
 Gell's Gravitas          Tloc           #.........   65%         3    None
 Recall                   Summ/Tloc      N/A          65%         3    None
 Ice Form                 Ice/Tmut       ###.....     71%         4    ##.....
 Yara's Violent Unravell  Hex/Tmut       ####......   71%         5    #####..
 Venom Bolt               Conj/Pois      ###.......   88%         5    #####..
 Petrify                  Tmut/Erth      #.......     96%         4    ##.....
 Borgnjor's Vile Clutch   Necr/Erth      ###.......   98%         5    #####..
 Blade Hands              Tmut           #.........   100%        5    #####..
 Death Channel            Necr           ####......   100%        6    ######.
 Simulacrum               Ice/Necr       ####......   100%        6    ######.
 Malign Gateway           Summ/Tloc      #.........   100%        7    #######
 Monstrous Menagerie      Summ           #.........   100%        7    #######
 Summon Greater Demon     Summ           #.........   100%        7    #######
 Summon Horrible Things   Summ           #.........   100%        8    #######


Dungeon Overview and Level Annotations

Branches:
Dungeon (15/15)            Temple (1/1) D:7            Lair (6/6) D:8
  Swamp (0/4) Lair:2       Spider (3/4) Lair:2        Slime (0/5) Lair:5
    Orc (2/2) D:10            Elf (0/3) Orc:2        Vaults (0/5) D:14
 Depths (0/5) D:15

Altars:
Ashenzari
Cheibriados
Dithmenos
Elyvilon
Fedhas
Gozag
Hepliaklqana
Kikubaaqudgha
Makhleb
Nemelex Xobeh
Okawaru
Qazlal
Ru
Sif Muna
Trog
Uskayaw
Vehumet
Wu Jian
Xom
Yredelemnul
Zin
The Shining One
Beogh

Shops:
D:5 *%=   Orc:2 :?[(

Annotations:
D:1 exclusion: downstairs
D:9 2 runed doors, exclusions: basilisk, catoblepas, 2 doors and 2 wyverns
D:10 1 exclusion
D:11 2 transporters
D:13 exclusions: oklob plant and oklob sapling
D:14 exclusion: downstairs
D:15 exclusion: Roxanne, Roxanne
Spider:3 Asterion; Kirke
Orc:2 2 runed doors, Fandomethor's ghost, journeyman HOMo


Innate Abilities, Weirdness & Mutations

You are very small and have problems with some larger weapons.
You are too small for most types of armour.
You have supernaturally acute eyesight. (SInv)
You are a herbivore.
You cover ground extremely quickly.
You need to consume almost no food.


Message History

The hog looks even sicker.
The hog looks even sicker. x2
The hog looks even sicker.
Your toxic aura wanes.
Casting: Olgreb's Toxic Radiance (slightly dangerous; 16% risk of failure)
Confirm with . or Enter, or press ? or * to list all spells.
You begin to radiate toxic energy.
Asterion looks even sicker.
The hog looks even sicker.
Asterion looks even sicker.
The hog looks even sicker.
Asterion mumbles some strange prayers to Makhleb.
Asterion seems to speed up.
Asterion looks as sick as possible!
The hog looks as sick as possible!
The hog looks even sicker.
The hog looks as sick as possible!
Your toxic aura wanes.
Evoke which item? (* to show all) (? for menu, Esc to quit)
Aiming: Iceblast
Press: ? - help, Shift-Dir - straight line, f - hog
Aim: a hog (heavily wounded, poisoned, umbra)
Okay, then.
Evoke which item? (* to show all) (? for menu, Esc to quit)
Okay, then.
Casting: Olgreb's Toxic Radiance (slightly dangerous; 16% risk of failure)
Confirm with . or Enter, or press ? or * to list all spells.
You miscast Olgreb's Toxic Radiance.
You are very lightly contaminated with residual magic.
Nothing appears to happen.
Casting: Olgreb's Toxic Radiance (slightly dangerous; 16% risk of failure)
Confirm with . or Enter, or press ? or * to list all spells.
You begin to radiate toxic energy.
You are feeling very hungry.
Asterion looks as sick as possible!
The hog looks as sick as possible! x2
The hog looks even sicker.
Asterion looks as sick as possible!
The hog looks as sick as possible! x2
Asterion looks as sick as possible!
The hog looks as sick as possible! x2
Asterion looks as sick as possible!
The hog looks as sick as possible!
Your toxic aura wanes.
There is a stone staircase leading up here.
Evoke which item? (* to show all) (? for menu, Esc to quit)
Aiming: Iceblast
Press: ? - help, Shift-Dir - straight line, f - hog
Aim: a hog (severely wounded, poisoned, umbra)
The mass of ice explodes!
The iceblast engulfs the hog.
You kill the hog!
Dithmenos accepts your kill.
The iceblast engulfs Asterion.
Evoke which item? (* to show all) (? for menu, Esc to quit)
Aiming: Cloud Cone
Press: ? - help, Dir - move target cursor, f - Asterion
Aim: Asterion, wielding a +4 demon trident of freezing, wearing a +0 leather You create a blast of poison gas!
The hog looks as sick as possible!
Asterion is engulfed in poison gas.
Asterion looks as sick as possible!
The hog is engulfed in poison gas.
The hog looks as sick as possible!
Evoke which item? (* to show all) (? for menu, Esc to quit)
Aiming: Iceblast
Press: ? - help, Shift-Dir - straight line, f/p - Asterion
Aim: Asterion, wielding a +4 demon trident of freezing, wearing a +0 leather The mass of ice explodes!
The iceblast engulfs Asterion.
The iceblast engulfs the hog.
You kill the hog!
Dithmenos accepts your kill.
The iceblast engulfs the hog.
You kill the hog!
Dithmenos accepts your kill.
Asterion is engulfed in poison gas.
Asterion looks as sick as possible!
Asterion conjures a destructive force in the name of Makhleb!
The fireball explodes!
The fireball engulfs you!
You emit a cloud of dark smoke.
Asterion is engulfed in poison gas.
Asterion looks as sick as possible!
Evoke which item? (* to show all) (? for menu, Esc to quit)
Aiming: Iceblast
Press: ? - help, Shift-Dir - straight line, f/p - Asterion
Aim: Asterion, wielding a +4 demon trident of freezing, wearing a +0 leather The mass of ice explodes!
The iceblast engulfs Asterion.
Asterion is engulfed in poison gas.
Asterion looks as sick as possible!
Asterion completely misses you.
Evoke which item? (* to show all) (? for menu, Esc to quit)
Aiming: Iceblast
Press: ? - help, Shift-Dir - straight line, f/p - Asterion
Aim: Asterion, wielding a +4 demon trident of freezing, wearing a +0 leather The mass of ice explodes!
The iceblast engulfs Asterion.
Asterion is engulfed in poison gas.
Asterion looks as sick as possible!
Asterion hits you from afar with a +4 demon trident of freezing!!
Asterion freezes you!
* * * LOW HITPOINT WARNING * * *
Asterion is engulfed in poison gas.
Asterion looks as sick as possible!
Asterion conjures a destructive force in the name of Makhleb!
The fireball explodes!
The fireball engulfs you!
* * * LOW HITPOINT WARNING * * *
You emit a cloud of dark smoke.
Okay, then.
Okay, then.
Unknown command.
Asterion looks as sick as possible!
You feel much better.
h - 2 potions of heal wounds;
d - 4 scrolls of enchant armour Asterion closely misses you.
There is a stone staircase leading up here.
Asterion hits you from afar with a +4 demon trident of freezing!!
You die...

########### #≈≈.....≈≈##
#≈≈#@§.§..≈#####
#.....H§§..§§≈≈#
##...§§§§§§§§§≈≈#
##....§§§§§§§..≈##
###≈#....§§§§§§§#≈.######
#≈.......§§§§.§§.....≈≈≈#
##........§.§.............
###.........................
#≈..............†.........[.


You could see Asterion.

Vanquished Creatures
  A ghost moth (Spider:3)
  2 orc warlords
  Louise (Spider:2)
  2 emperor scorpions (Spider:1)
  A stone giant (Volcano)
  Nessos (Lair:4)
  3 entropy weavers
  A spark wasp (Spider:2)
  Snorg (Lair:5)
  3 catoblepae (Lair:6)
  3 hydras
  5 centaur warriors
  An ice dragon (D:15)
  5 two-headed ogres
  11 death yaks (Lair:6)
  An ogre mage (D:14)
  An orc high priest (Orc:2)
  A tengu warrior (D:15)
  3 skeletal warriors (D:13)
  A fire crab (shapeshifter) (D:15)
  An orc knight (Orc:2)
  Pikel (D:4)
  3 orb spiders
  2 orc sorcerers (Orc:2)
  An oklob plant (Lair:6)
  19 wolf spiders
  2 moths of wrath
  3 ugly things
  4 manticores
  5 cyclopes
  2 black mambas
  8 elephants
  A torpor snail (Spider:1)
  10 spiny frogs
  2 molten gargoyles (Volcano)
  2 gargoyles
  A rime drake (Lair:3)
  6 demonic crawlers
  An efreet (Volcano)
  7 komodo dragons
  4 trolls
  4 tengu conjurers (D:15)
  3 meliai (D:14)
  A queen bee (D:10)
  4 hornets
  4 polar bears
  25 jumping spiders
  A tyrant leech (Lair:3)
  Prince Ribbit (D:8)
  16 slime creatures
  2 wind drakes (shapeshifter) (D:15)
  A harpy skeleton (D:15)
  A meliai zombie (D:10)
  7 blink frogs
  14 hippogriffs
  60 redbacks
  2 shadows
  8 wyverns
  18 tarantellas
  42 yaks
  8 fire bats
  2 wraiths
  2 basilisks
  5 hogs
  2 fire elementals (Volcano)
  3 hungry ghosts
  2 wargs
  A swamp worm (Lair:2)
  An acid dragon (D:13)
  21 water moccasins
  8 porcupines
  34 orc warriors
  2 sky beasts
  A slave (D:4)
  An ice beast (D:9)
  2 black bears
  12 ogres
  3 necrophages
  4 phantoms
  4 boggarts (D:15)
  14 wolves
  12 centaurs
  11 crocodiles
  4 big kobolds
  14 bullfrogs
  Blork the orc (D:4)
  An earth elemental (Volcano)
  4 scorpions
  A troll zombie (D:10)
  2 water moccasin skeletons
  30 killer bees
  3 howler monkeys
  12 crimson imps
  5 lava snakes (Volcano)
  5 centaur zombies
  A quasit (D:14)
  A bullfrog zombie (D:2)
  An iron imp (D:5)
  3 centaur skeletons
  6 hounds
  26 orc priests
  2 bullfrog skeletons (D:7)
  3 jellies
  Crazy Yiuf (D:7)
  8 iguanas
  Natasha (D:3)
  33 orc wizards
  13 worker ants
  5 ogre zombies (D:10)
  A howler monkey zombie (D:9)
  A worker ant zombie (D:5)
  9 gnolls
  14 adders
  5 shadow imps
  4 oozes
  An adder skeleton (D:4)
  2 adder zombies
  4 worms
  3 dart slugs
  3 leopard geckos
  95 orcs
  8 giant cockroaches
  10 goblins
  12 hobgoblins
  12 jackals
  A kobold (shapeshifter) (D:15)
  23 kobolds
  4 quokkas
  7 ball pythons
  7 bats
  6 frilled lizards
  A goblin skeleton (D:5)
  2 hobgoblin skeletons (D:10)
  8 hobgoblin zombies
  A jackal skeleton (D:7)
  A kobold skeleton (D:5)
  A kobold zombie (D:5)
  4 orc skeletons
  15 orc zombies
  A quokka skeleton (D:6)
  A quokka zombie (D:5)
  6 rats
  A bush (Lair:6)
962 creatures vanquished.

Vanquished Creatures (others)
  An orc (Orc:1)
  6 fungi
  27 plants
34 creatures vanquished.

Grand Total: 996 creatures vanquished

Notes
Turn   | Place    | Note
-------+----------+-------------------------------------------
     0 | D:1      | RKaid the Spriggan Enchanter began the quest for the Orb.
     0 | D:1      | Reached XP level 1. HP: 9/9 MP: 5/5
   162 | D:1      | HP: 2/9 [dart slug/slug dart (5)]
   430 | D:1      | Reached XP level 2. HP: 5/13 MP: 4/6
   822 | D:1      | Reached skill level 4 in Hexes
   935 | D:1      | Reached skill level 3 in Spellcasting
  1472 | D:1      | Learned a level 2 spell: Ensorcelled Hibernation
  1754 | D:2      | Noticed a scorpion
  2359 | D:1      | Reached skill level 5 in Stealth
  2359 | D:1      | Reached XP level 3. HP: 16/16 MP: 5/8
  2721 | D:2      | Reached XP level 4. HP: 21/21 MP: 8/10
  3179 | D:1      | Learned a level 3 spell: Confuse
  3542 | D:2      | Reached skill level 4 in Dodging
  3542 | D:2      | Reached skill level 5 in Hexes
  3593 | D:2      | Found a sacrificial altar of Ru.
  3915 | D:2      | Reached XP level 5. HP: 24/24 MP: 8/11
  4481 | D:3      | Reached skill level 4 in Spellcasting
  5057 | D:3      | Noticed Natasha
  5481 | D:3      | Found a stormy altar of Qazlal.
  5519 | D:3      | Killed Natasha
  5519 | D:3      | Reached skill level 6 in Stealth
  6139 | D:4      | Reached XP level 6. HP: 28/28 MP: 13/13
  6143 | D:4      | Noticed Blork the orc
  6154 | D:4      | Killed Blork the orc
  6154 | D:4      | Reached skill level 6 in Hexes
  6363 | D:4      | Reached skill level 5 in Dodging
  6514 | D:4      | Reached skill level 1 in Throwing
  6524 | D:4      | Noticed a slave
  6700 | D:4      | Reached skill level 5 in Spellcasting
  6883 | D:4      | Reached XP level 7. HP: 23/32 MP: 11/15
  6985 | D:4      | Learned a level 3 spell: Tukima's Dance
  6989 | D:4      | Learned a level 3 spell: Dazzling Spray
  7032 | D:4      | Noticed Pikel
  7690 | D:4      | Reached skill level 2 in Throwing
  7690 | D:4      | Reached skill level 7 in Stealth
  7690 | D:4      | Reached skill level 7 in Hexes
  7786 | D:4      | HP: 7/32 [slave[Pikel] (3)]
  8135 | D:4      | Killed Pikel
  8135 | D:4      | Reached skill level 6 in Dodging
  8135 | D:4      | Reached skill level 6 in Spellcasting
  8135 | D:4      | Reached XP level 8. HP: 36/36 MP: 16/19
  8303 | D:5      | Entered Level 5 of the Dungeon
  8310 | D:5      | Found Xomuirghe's Jewellery Emporium.
  8312 | D:5      | Found Hyarphoeg's Food Shoppe.
  8314 | D:5      | Reached skill level 8 in Hexes
  8424 | D:5      | Found a glowing golden altar of the Shining One.
  8456 | D:5      | Reached skill level 7 in Spellcasting
  8557 | D:5      | Reached skill level 8 in Stealth
  8991 | D:5      | Reached skill level 2 in Short Blades
  9083 | D:5      | Reached skill level 1 in Fighting
  9083 | D:5      | Reached skill level 7 in Dodging
  9091 | D:5      | Found Pivausagg's General Store.
  9106 | D:5      | Bought a scroll of fear for 38 gold pieces
  9475 | D:6      | Reached XP level 9. HP: 42/42 MP: 16/21
  9805 | D:6      | Found a stormy altar of Qazlal.
  9901 | D:6      | Reached skill level 3 in Short Blades
 10063 | D:6      | Found an iron altar of Okawaru.
 10256 | D:7      | Reached skill level 2 in Fighting
 10256 | D:7      | Reached skill level 9 in Stealth
 10259 | D:7      | Found a staircase to the Ecumenical Temple.
 10280 | Temple   | Entered the Ecumenical Temple
 10455 | Temple   | Became a worshipper of Dithmenos the Shadowed
 10537 | D:7      | Found a runed door.
 10734 | D:7      | Reached skill level 8 in Dodging
 10734 | D:7      | Reached skill level 8 in Spellcasting
 10734 | D:7      | Reached skill level 9 in Hexes
 10918 | D:7      | Learned a level 3 spell: Regeneration
 11193 | D:7      | Noticed Crazy Yiuf
 11197 | D:7      | Killed Crazy Yiuf
 11392 | D:7      | Reached skill level 1 in Shields
 11410 | D:7      | Noticed a centaur warrior
 11418 | D:7      | Killed a centaur warrior
 11418 | D:7      | Reached skill level 3 in Fighting
 11418 | D:7      | Reached skill level 4 in Short Blades
 11418 | D:7      | Reached skill level 10 in Stealth
 11418 | D:7      | Reached skill level 2 in Shields
 11426 | D:7      | Reached XP level 10. HP: 48/49 MP: 3/23
 11499 | D:7      | Reached * piety under Dithmenos
 11506 | D:7      | Reached skill level 9 in Dodging
 11771 | D:7      | Reached skill level 3 in Shields
 11799 | D:8      | Found a staircase to the Lair.
 11864 | D:8      | Noticed Prince Ribbit
 12159 | D:8      | Reached skill level 5 in Short Blades
 12313 | D:8      | Killed Prince Ribbit
 12564 | D:8      | Identified a scroll of acquirement
 12983 | D:9      | Found a large runed door.
 12983 | D:9      | Found a large runed door.
 12983 | D:9      | Noticed a catoblepas
 13244 | D:9      | Reached skill level 4 in Fighting
 13519 | D:9      | Reached skill level 11 in Stealth
 13519 | D:9      | Reached skill level 4 in Shields
 13539 | D:9      | Reached ** piety under Dithmenos
 14016 | D:10     | Entered Level 10 of the Dungeon
 14119 | D:10     | Found a staircase to the Orcish Mines.
 14146 | D:10     | Reached skill level 10 in Dodging
 14368 | D:10     | Reached skill level 1 in Invocations
 14542 | D:10     | Reached *** piety under Dithmenos
 14649 | D:10     | Reached skill level 6 in Short Blades
 14895 | D:10     | Reached XP level 11. HP: 54/54 MP: 1/24
 15417 | D:10     | Reached skill level 5 in Shields
 16151 | Lair:1   | Entered Level 1 of the Lair of Beasts
 16184 | Lair:1   | Upgraded the game from 0.23-a0-644-gb60d84b635 to
                  | 0.23-a0-650-ga4d50d4d25
 16237 | D:8      | Reached **** piety under Dithmenos
 16237 | D:8      | Reached skill level 12 in Stealth
 16314 | D:8      | Reached skill level 5 in Fighting
 16522 | Lair:1   | Reached skill level 7 in Short Blades
 16586 | Lair:1   | Reached skill level 6 in Shields
 17224 | Lair:1   | Noticed an eight-headed hydra
 17261 | Lair:1   | HP: 13/56 [eight-headed hydra (4)]
 17291 | Lair:1   | Killed an eight-headed hydra
 17917 | Lair:2   | Reached skill level 13 in Stealth
 18015 | Lair:2   | Reached XP level 12. HP: 60/60 MP: 22/25
 18067 | Lair:2   | Reached ***** piety under Dithmenos
 18094 | Lair:2   | Reached skill level 8 in Short Blades
 18107 | Lair:2   | Reached skill level 7 in Shields
 18125 | Lair:2   | Found a dark tunnel.
 18131 | Lair:2   | Reached skill level 6 in Fighting
 18136 | Volcano  | Entered a volcano
 18583 | Volcano  | Found a radiant altar of Vehumet.
 18586 | Volcano  | Reached skill level 2 in Invocations
 18599 | Volcano  | Noticed a stone giant
 18957 | Volcano  | Killed a stone giant
 18957 | Volcano  | Reached skill level 1 in Ice Magic
 19187 | Volcano  | Reached skill level 3 in Invocations
 19563 | Lair:2   | Reached skill level 2 in Ice Magic
 19577 | Lair:2   | Reached skill level 14 in Stealth
 19628 | Lair:2   | Found a hole to the Spider Nest.
 19908 | Lair:1   | HP: 15/62 [poisoned by a redback]
 19916 | Lair:1   | HP: 15/62 [poisoned by a redback]
 20192 | Lair:2   | Found a staircase to the Swamp.
 20302 | Lair:2   | Reached skill level 4 in Invocations
 20309 | Lair:2   | Reached skill level 3 in Ice Magic
 20460 | Lair:3   | Reached skill level 7 in Fighting
 21268 | Lair:4   | Noticed a five-headed hydra
 21274 | Lair:4   | Killed a five-headed hydra
 21274 | Lair:4   | Reached skill level 5 in Invocations
 21327 | Lair:3   | Reached XP level 13. HP: 67/67 MP: 13/26
 21492 | Lair:4   | Got a fine arbalest
 21512 | Lair:4   | Identified the cursed +1 arbalest of the Distant Future
                  | {velocity, rPois rN++ Int-2 SInv} (You found it on level 4
                  | of the Lair of Beasts)
 21544 | Lair:4   | You fall through a shaft!
 21745 | Lair:4   | Learned a level 4 spell: Cause Fear
 21887 | Lair:4   | Reached skill level 15 in Stealth
 21887 | Lair:4   | Reached skill level 4 in Ice Magic
 21995 | Lair:4   | Noticed Nessos
 22554 | Lair:4   | Killed Nessos
 22942 | Lair:5   | Reached skill level 6 in Invocations
 23227 | Lair:5   | Found a staircase to the Slime Pits.
 23237 | Lair:5   | Noticed Snorg
 23680 | Lair:5   | Killed Snorg
 23680 | Lair:5   | Reached skill level 8 in Fighting
 23731 | Lair:6   | Entered Level 6 of the Lair of Beasts
 23758 | Lair:6   | Reached skill level 5 in Ice Magic
 23805 | Lair:6   | Reached skill level 1 in Charms
 23810 | Lair:6   | Reached skill level 2 in Charms
 23810 | Lair:6   | Reached skill level 1 in Necromancy
 23957 | Lair:6   | Reached skill level 16 in Stealth
 24011 | Lair:6   | Reached skill level 3 in Charms
 24034 | Lair:6   | Reached skill level 2 in Necromancy
 24179 | Lair:6   | Reached skill level 7 in Invocations
 24294 | Lair:6   | Reached skill level 4 in Charms
 24434 | Lair:6   | Found a blossoming altar of Fedhas.
 25149 | Lair:6   | HP: 15/69 [acid (5)]
 25630 | Lair:6   | Reached skill level 3 in Necromancy
 25641 | Lair:6   | Reached XP level 14. HP: 63/74 MP: 27/27
 25741 | Lair:6   | Reached ****** piety under Dithmenos
 25989 | Lair:6   | Reached skill level 9 in Fighting
 25999 | Lair:6   | Got a brightly glowing golden amulet
 26012 | Lair:6   | Identified the amulet "Duogupte" {Faith +Fly rC+} (You
                  | found it on level 6 of the Lair of Beasts)
 26015 | Lair:6   | RKaid: ??dithmenos
 26015 | Lair:6   | beem: dithmenos[1/3]: God of shadows. Grants the player an
                  | {umbra} at * piety ala TSO's halo, {shadow step} at **
                  | piety, {bleed smoke} at *** piety, a passive {shadow
                  | mimic}king your actions at **** piety, and {shadow form} at
                  | ***** piety.
 26015 | Lair:6   | RKaid: ??dithmenos[2
 26015 | Lair:6   | beem: dithmenos[2/3]: Prior to 0.22, hates fire and
                  | fire-related stuff like enslaving fire giants.
 26015 | Lair:6   | RKaid: ??dithmenos[3
 26015 | Lair:6   | beem: dithmenos[3/3]: i don't have a cat anymore or it
                  | might have a better name right now
 26310 | D:11     | Found a transporter.
 26327 | D:11     | Reached skill level 4 in Necromancy
 26327 | D:11     | Reached skill level 8 in Invocations
 26613 | D:11     | Reached skill level 17 in Stealth
 26683 | D:11     | Found a transporter.
 29479 | D:5      | Bought a +5 ring of evasion for 715 gold pieces
 29494 | D:5      | Learned a level 1 spell: Confusing Touch
 29615 | Orc:1    | Entered Level 1 of the Orcish Mines
 30230 | Orc:1    | Noticed an orc warlord
 30708 | Orc:1    | Killed an orc warlord
 30824 | Orc:1    | You fall through a shaft!
 30824 | Orc:2    | Entered Level 2 of the Orcish Mines
 31013 | Orc:2    | Reached skill level 9 in Invocations
 31329 | Orc:2    | Found a roughly hewn altar of Beogh.
 31370 | Orc:2    | Reached skill level 10 in Hexes
 31372 | Orc:2    | Found a staircase to the Elven Halls.
 31399 | Orc:2    | Found a roughly hewn altar of Beogh.
 31592 | Orc:2    | Found a roughly hewn altar of Beogh.
 31803 | Orc:2    | Found a roughly hewn altar of Beogh.
 31804 | Orc:2    | Found Etemiu's Magic Scroll Emporium.
 32065 | Orc:2    | Found a roughly hewn altar of Beogh.
 32091 | Orc:2    | Found Tyckat's Book Emporium.
 32182 | Orc:2    | Found a large runed door.
 32183 | Orc:2    | Found a large runed door.
 32194 | Orc:2    | Noticed Fandomethor's ghost (journeyman HOMo)
 32281 | Orc:2    | Found a roughly hewn altar of Beogh.
 32446 | Orc:2    | Found Ciotow's Antique Weapon Shoppe.
 32446 | Orc:2    | Noticed an orc warlord
 32747 | Orc:2    | Killed an orc warlord
 32747 | Orc:2    | Reached skill level 18 in Stealth
 32982 | Orc:2    | Found a roughly hewn altar of Beogh.
 32983 | Orc:2    | Found Olephes's Antique Armour Emporium.
 33024 | Orc:2    | Found a roughly hewn altar of Beogh.
 33142 | Orc:2    | Bought a Young Poisoner's Handbook for 600 gold pieces
 33147 | Orc:2    | Learned a level 4 spell: Olgreb's Toxic Radiance
 33441 | D:13     | Reached skill level 1 in Poison Magic
 33895 | D:14     | Reached skill level 10 in Fighting
 33895 | D:14     | Reached skill level 2 in Poison Magic
 33978 | D:14     | Reached XP level 15. HP: 80/80 MP: 25/28
 34320 | D:14     | Reached skill level 6 in Poison Magic
 34320 | D:14     | Reached XP level 16. HP: 85/85 MP: 22/29
 34321 | D:14     | Reached skill level 7 in Poison Magic
 34321 | D:14     | Reached skill level 10 in Invocations
 34321 | D:14     | Reached XP level 17. HP: 90/90 MP: 22/30
 34322 | D:14     | RKaid: !ac 7
 34322 | D:14     | beem: 3.14 armour skill per 1 AC for 7 base AC
 34377 | D:14     | Reached skill level 1 in Evocations
 34575 | D:14     | Reached skill level 2 in Evocations
 34650 | D:14     | Found a gate to the Vaults.
 34775 | D:15     | Entered Level 15 of the Dungeon
 34775 | D:15     | Identified Roxanne's Disquisition on Transmutation
 34775 | D:15     | Noticed Roxanne
 35141 | D:15     | Reached skill level 3 in Evocations
 35370 | D:15     | Reached skill level 4 in Evocations
 35698 | D:15     | Found a staircase to the Depths.
 35910 | D:15     | Reached skill level 5 in Evocations
 36372 | Spider:1 | Entered Level 1 of the Spider Nest
 36843 | Spider:1 | Reached skill level 6 in Evocations
 37108 | Spider:1 | Reached skill level 11 in Fighting
 37235 | Spider:1 | Reached skill level 7 in Evocations
 37237 | Spider:1 | Reached skill level 19 in Stealth
 37871 | Spider:2 | Noticed Louise
 37920 | Spider:2 | Killed Louise
 37920 | Spider:2 | Reached skill level 11 in Invocations
 38545 | Spider:2 | Reached skill level 9 in Spellcasting
 39715 | Spider:3 | Noticed Kirke
 40355 | Spider:3 | Noticed Asterion
 40807 | Spider:3 | HP: 1/93 [Asterion/fireball (26)]
 40814 | Spider:3 | Mangled by Asterion

Vault maps used:
D:1:      psy_arrival_whirlpool
D:2:      hangedman_ru_absence
D:3:      marbit_many_paths, uniq_natasha
D:4:      cheibrodos_thug_alley, first_ration, uniq_pikel, uniq_blork_the_orc
D:5:      nicolae_tso_besieged_by_evil, serial_shops, shop, shop, shop
D:6:      okawaru_altar_gauntlet_db, grunt_qazlal_clouds
D:7:      minmay_the_grid_four_pointed_star, minmay_temple_entry_overgrown,
          uniq_crazy_yiuf_cottage
D:8:      lair_entry_dummy, uniq_prince_ribbit1
D:9:      jmf_multi_god_temple2
D:10:     minmay_bloctagon_deflated, zombieorc1_lemuel, david_nohive_1
D:11:     gammafunk_wand_slinger
D:13:     introduction_to_nature_2
D:14:     david_vaults_2, minivault_26, minmay_nine_imps
D:15:     gammafunk_enter_depths_forms, serial_bayou_pond_c, uniq_roxanne
Temple:   dpeg_five_rooms_temple
Lair:1:   beast_lair_carwin_6, grunt_megastairs_2
Lair:2:   minmay_swamp_entry_worms, spider_nest_entry_funnel_web,
          nicolae_volcano_entry_batcave, minmay_holes
Lair:3:   grunt_megastairs_1
Lair:4:   uniq_nessos
Lair:5:   slime_dummy, uniq_snorg
Lair:6:   evilmike_catoblepas_cave, chequers_serial_rivers_large_b, tgw_fedhas,
          lemuel_fruit_tree
Spider:2: spider_trap, uniq_louise
Spider:3: uniq_asterion, uniq_kirke
Orc:2:    grunt_orc_community_town_hall, grunt_orc_community_big_house_2,
          grunt_orc_community_big_house_1, grunt_orc_community_house_2,
          grunt_orc_community_house_1, grunt_orc_community_house_1,
          grunt_orc_community_house_2, grunt_orc_community_house_3,
          ebering_ghost_disaster_area, mines2_david
Volcano:  volcano_grotto

Skill      XL: |  1  2  3  4  5  6  7  8  9 10 11 12 13 14 15 16 17 |
---------------+----------------------------------------------------+-----
Hexes          | 4 5 6 7 8 9 10 | 10.0
Spellcasting   | 3 4 5 6 7 8 9 |  9.8
Stealth        | 5 6 7 8 10 11 13 14 16 18 19 | 19.9
Dodging        | 4 5 6 7 8 10 | 10.0
Throwing       | 1 2 |  2.0
Short Blades   | 2 4 6 7 8 |  8.0
Fighting       | 1 3 4 5 7 8 10 11 | 11.6
Shields        | 2 4 6 7 |  7.2
Invocations    | 1 5 7 9 10 11 | 11.7
Ice Magic      | 3 5 |  5.0
Charms         | 4 |  4.0
Necromancy     | 3 4 |  4.0
Poison Magic   | 2 6 7 |  7.0
Evocations     | 7 |  7.0

Action                   |  1- 3 |  4- 6 |  7- 9 | 10-12 | 13-15 | 16-18 || total
-------------------------+-------+-------+-------+-------+-------+-------++-------
Melee: Dagger            |   108 |   297 |   314 |    71 |       |       ||   790
       Quick blade       |       |       |       |   437 |   561 |       ||   998
       Scimitar          |       |       |       |       |    38 |    11 ||    49
       Short sword       |       |       |       |       |   345 |   414 ||   759
 Fire: Blowgun           |       |       |     7 |       |    15 |     4 ||    26
Throw: Stone             |       |     4 |     2 |     7 |       |       ||    13
       Tomahawk          |       |     2 |     6 |       |       |       ||     8
       Throwing net      |       |       |       |     1 |       |       ||     1
 Cast: Corona            |    15 |     5 |       |       |       |       ||    20
       Ensorcelled Hiber |    10 |    56 |    85 |   251 |   320 |    84 ||   806
       Confuse           |       |     5 |    12 |    31 |    30 |    15 ||    93
       Dazzling Spray    |       |       |       |    22 |    50 |    43 ||   115
       Tukima's Dance    |       |       |       |     3 |     4 |     1 ||     8
       Regeneration      |       |       |       |     1 |     6 |     2 ||     9
       Olgreb's Toxic Ra |       |       |       |       |       |    38 ||    38
Invok: Shadow Step       |       |       |       |     1 |     2 |     2 ||     5
 Abil: Evoke Flight      |       |       |       |       |     1 |       ||     1
Evoke: Wand              |       |       |       |    17 |    10 |    12 ||    39
       Phial of floods   |       |       |       |     1 |       |       ||     1
  Use: Scroll            |       |     9 |     8 |    10 |     9 |     2 ||    38
       Potion            |       |       |       |       |     1 |     3 ||     4
 Stab: Sleeping          |    16 |    39 |    70 |   176 |   228 |    75 ||   604
       Confused          |       |     2 |     9 |    24 |    29 |     6 ||    70
       Distracted        |       |       |     1 |     4 |    10 |     4 ||    19
       Invisible         |       |       |       |       |     8 |    10 ||    18
       Petrifying        |       |       |       |       |     2 |       ||     2
       Petrified         |       |       |       |       |     1 |       ||     1
  Eat: Ration            |       |     3 |     2 |     5 |     7 |     5 ||    22
Armor: Robe              |     6 |    15 |     9 |     2 |       |       ||    32
       Troll leather arm |       |       |       |     9 |    17 |       ||    26
       Acid dragon scale |       |       |       |       |    10 |    33 ||    43
       Swamp dragon scal |       |       |       |       |       |     9 ||     9
Dodge: Dodged            |    90 |   241 |   184 |   230 |   329 |   412 ||  1486
Block: Buckler           |       |       |     9 |   132 |   344 |   361 ||   846
       Reflection        |       |       |       |       |    14 |     2 ||    16
       Rpst.: Scimitar   |       |       |       |       |       |     3 ||     3

Table legend:
 A = Non-vault XP
 B = Vault XP
 C = Vault XP percentage of total XP
 D = Non-vault monster count
 E = Vault monster count
 F = Vault count percentage of total count
                 A         B        C        D         E       F
            +---------+---------+-------+---------+---------+-------
      Total |  128088 |   45285 |  26.1 |     675 |     286 |  29.8
            +---------+---------+-------+---------+---------+-------
        D:1 |      76 |       0 |   0.0 |      25 |       0 |   0.0
        D:2 |     210 |       0 |   0.0 |      25 |       0 |   0.0
        D:3 |      99 |      36 |  26.7 |      26 |       2 |   7.1
        D:4 |     445 |     966 |  68.5 |      14 |      13 |  48.1
        D:5 |     513 |      56 |   9.8 |      16 |      14 |  46.7
        D:6 |     812 |      10 |   1.2 |      24 |       6 |  20.0
        D:7 |    1140 |    2169 |  65.5 |      20 |      14 |  41.2
        D:8 |    2113 |     849 |  28.7 |      28 |       5 |  15.2
        D:9 |     935 |       0 |   0.0 |      16 |       0 |   0.0
       D:10 |    3375 |    2678 |  44.2 |      31 |      47 |  60.3
       D:11 |    5181 |       0 |   0.0 |      27 |       0 |   0.0
       D:12 |    2623 |       0 |   0.0 |      21 |       0 |   0.0
       D:13 |    4926 |     919 |  15.7 |      17 |      16 |  48.5
       D:14 |    5922 |    2870 |  32.6 |      24 |      12 |  33.3
       D:15 |    9903 |    2853 |  22.4 |      31 |      10 |  24.4
     Lair:1 |    3819 |    1052 |  21.6 |      18 |       8 |  30.8
     Lair:2 |    5330 |    2901 |  35.2 |      21 |       9 |  30.0
     Lair:3 |    3834 |     867 |  18.4 |      17 |       3 |  15.0
     Lair:4 |    6039 |    1344 |  18.2 |      19 |       1 |   5.0
     Lair:5 |    3329 |    1089 |  24.6 |      17 |       1 |   5.6
     Lair:6 |   11604 |   11331 |  49.4 |      31 |      24 |  43.6
   Spider:1 |   15988 |     192 |   1.2 |      36 |       1 |   2.7
   Spider:2 |   21321 |    1696 |   7.4 |      63 |       1 |   1.6
   Spider:3 |   11367 |     759 |   6.3 |      37 |       4 |   9.8
      Orc:1 |    4655 |      41 |   0.9 |      45 |       1 |   2.2
      Orc:2 |    2529 |    6138 |  70.8 |      26 |      76 |  74.5
    Volcano |       0 |    4469 | 100.0 |       0 |      18 | 100.0
            +---------+---------+-------+---------+---------+-------

Table legend:
 A = Turns spent in this place as a percentage of turns spent in the entire game.
 B = Non-inter-level travel turns spent in this place as a percentage of non-inter-level travel turns spent in the entire game.
 C = Inter-level travel turns spent in this place as a percentage of turns spent in this place.
 D = Turns resting spent in this place as a percentage of non-inter-level travel turns spent in this place.
 E = Turns spent auto-exploring this place as a percentage of non-inter-level travel turns spent in this place.
 F = Non-inter-level travel turns spent in this place divided by the number of levels of this place that you've seen.
                   A       B       C       D       E      F
               +-------+-------+-------+-------+-------+----------------------
         Total | 100.0 | 100.0 |   6.2 |  35.1 |  30.5 | 1367.1
       Dungeon |  56.8 |  56.4 |   6.9 |  33.8 |  32.7 | 1438.7
        Temple |   0.5 |   0.5 |  15.3 |   0.0 |  87.0 | 177.0
          Lair |  21.7 |  21.4 |   7.7 |  26.3 |  39.5 | 1363.0
   Spider Nest |  10.3 |  10.7 |   2.2 |  51.4 |  14.3 | 1365.7
  Orcish Mines |   7.8 |   8.0 |   4.3 |  39.0 |  20.3 | 1531.0
       Volcano |   2.9 |   3.1 |   0.0 |  57.8 |   2.7 | 1186.0
               +-------+-------+-------+-------+-------+----------------------

Table legend:
 A = Kills in this place as a percentage of kills in entire the game.
 B = Kills by you in this place as a percentage of kills by you in the entire game.
 C = Kills by friends in this place as a percentage of kills by friends in the entire game.
 D = Other kills in this place as a percentage of other kills in the entire game.
 E = Experience gained in this place as a percentage of experience gained in the entire game.
 F = Experience gained in this place divided by the number of levels of this place that you have seen.
                   A       B       C       D       E      F
               +-------+-------+-------+-------+-------+----------------------
         Total | 100.0 | 100.0 |   N/A | 100.0 | 100.0 | 6191.9
       Dungeon |  50.4 |  50.5 |   N/A |   0.0 |  29.8 | 3445.3
          Lair |  17.6 |  17.4 |   N/A |  66.7 |  30.3 | 8756.5
   Spider Nest |  14.8 |  14.8 |   N/A |   0.0 |  29.6 | 17107.7
  Orcish Mines |  15.4 |  15.3 |   N/A |  33.3 |   7.7 | 6681.5
       Volcano |   1.9 |   1.9 |   N/A |   0.0 |   2.6 | 4469.0
               +-------+-------+-------+-------+-------+----------------------
